AoeStats
← florian

Glade

510580992Analyzed
1v1 RM · 15h ago on Oct 1, 2026· 50m 22s· 2 players
Game mode
Random Map
Map size
Tiny (2 player)
Population
200
Speed
Normal
Resources
Standard
Victory
Conquest
Starting age
Dark Age
Ending age
Imperial Age
RankedLock teamsTeams togetherTeam positionsShared explorationLock speedFull tech treeHidden civsTurbo modeCheats
Victory
Defeat
🇨🇿 Bohemians · Czechia
1075
+14
🇩🇪 Magyars · Germany
1033
-14
MeenTaal
7:50 Loom
9:35 Feudal Age
10:42 Double-Bit Axe
17:46 Castle Age
19:16 Scale Mail Armor
21:33 Forging
22:29 Horse Collar
23:25 Wheelbarrow
25:41 Pikeman
26:39 Chain Mail Armor
27:32 Fletching
27:47 Pikeman
28:50 Bodkin Arrow
31:46 Chemistry
32:00 Bow Saw
37:06 Imperial Age
36:31 Squires
36:59 Heavy Plow
38:27 Halberdier
43:51 Wagenburg Tactics
43:52 Arson
43:54 Houfnice
46:00 Hussite Reforms
48:59 Bombard Tower
48:39 Elite Skirmisher
florian
9:12 Feudal Age
7:28 Loom
11:23 Double-Bit Axe
12:18 Wheelbarrow
13:37 Scale Barding Armor
17:20 Bloodlines
18:42 Man-at-Arms
18:48 Man-at-Arms
24:42 Castle Age
23:29 Gold Mining
24:10 Scale Mail Armor
25:12 Light Cavalry
25:57 Husbandry
27:49 Hand Cart
27:20 Town Watch
29:17 Long Swordsman
31:34 Chain Barding Armor
31:30 Chain Mail Armor
31:10 Horse Collar
35:15 Fletching
37:56 Imperial Age
37:49 Bodkin Arrow
43:42 Corvinian Army
44:57 Bow Saw
45:40 Conscription
47:50 Parthian Tactics
47:54 Heavy Plow
50:09 Recurve Bow
50:24 Padded Archer Armor
Connection lost

Rejoining the realm…

Still unreachable

The connection could not be restored.

Session expired

The server has moved on; the page needs a fresh start.